 Dungeon Crawl Stone Soup version 0.29.1-2-gbd0b4ee654 (webtiles) character file.

Game seed: 18052293638912016427

66 safid the Shooter (level 3, -2/33 HPs)
             Began as a Minotaur Hunter on Nov 30, 2022.
             Slain by Natasha (6 damage)
             ... on level 3 of the Dungeon.
             The game lasted 00:01:34 (1581 turns).

safid the Shooter (Minotaur Hunter)                 Turns: 1581, Time: 00:01:34

Health: -2/33      AC:  3    Str: 15    XL:     3   Next: 96%
Magic:  2/2        EV:  9    Int:  6    God:
Gold:   114        SH:  0    Dex: 15    Spells: 2/2 levels left

rFire   . . .      SeeInvis .   a - +0 shortbow
rCold   . . .      Faith    .   (shield currently unavailable)
rNeg    . . .      Spirit   .   c - +0 leather armour
rPois   .          Reflect  .   (helmet restricted)
rElec   .          Harm     .   (no cloak)
rCorr   .          Rampage  .   (no gloves)
Will    +....                   (no boots)
Stlth   +.........              (no amulet)
HPRegen 0.11/turn               i - ring of willpower
MPRegen 0.08/turn               (no ring)

@: grasped by roots, constricted
A: horns 2, retaliatory headbutt
a: no special abilities


You were on level 3 of the Dungeon.
You visited 1 branch of the dungeon, and saw 3 of its levels.

You collected 114 gold pieces.

Inventory:

Hand Weapons
 a - a +0 shortbow (weapon)
Armour
 c - a +0 leather armour (worn)
Jewellery
 i - a ring of willpower (left hand)
Scrolls
 b - 2 scrolls of immolation
 d - 4 scrolls of identify {unknown}
 e - a scroll of poison {unknown}
 f - a scroll of amnesia {unknown}
 h - 3 scrolls of teleportation {unknown}
 k - 2 scrolls of vulnerability {unknown}
 m - a scroll of enchant armour {unknown}
 o - 2 scrolls of enchant weapon {unknown}
Potions
 g - a potion of might {unknown}
 j - a potion of degeneration {unknown}
 l - a potion of curing {unknown}
 n - a potion of resistance {unknown}
 p - a potion of brilliance {unknown}
 q - 2 potions of magic {unknown}


   Skills:
 + Level 4.0 Fighting
 + Level 5.3 Ranged Weapons
 - Level 2.1 Dodging
 - Level 0.7 Stealth


You had 2 spell levels left.
You didn't know any spells.
Your spell library was empty.

Dungeon Overview and Level Annotations

Branches:
Dungeon (3/15)

Altars:
Hepliaklqana
Xom

Shops:
D:2 (

Annotations:
D:3 Natasha


Innate Abilities, Weirdness & Mutations

You have a pair of horns on your head.
You reflexively headbutt those who attack you in melee.


Message History

Natasha howls an incantation.
You feel disoriented.
You shoot an arrow. The arrow closely misses Natasha.
You shoot an arrow. The arrow hits Natasha.
Natasha is heavily wounded.
Natasha zaps a wand.
The roots erupt in riotous growth!
The grasping roots grab you! The grasping roots constrict you.
You shoot an arrow. The arrow barely misses Natasha.
Natasha casts a spell at you. The magic dart hits you.
The grasping roots constrict you. x2
You are too injured to fight recklessly!
You are too injured to fight recklessly!
You are too injured to fight recklessly!
You are too injured to fight recklessly!
You are too injured to fight recklessly!
You are too injured to fight recklessly!
Fire: a) +0 shortbow
Press: ? - help, Q - select action Shift-Dir - straight line, f/p - Natasha
Aim: Natasha, carrying a wand of roots (10) (heavily wounded, 56% to hit)
You shoot an arrow. The arrow completely misses Natasha.
Natasha closely misses you. The grasping roots constrict you.
Fire: a) +0 shortbow
Press: ? - help, Q - select action Shift-Dir - straight line, f/p - Natasha
Aim: Natasha, carrying a wand of roots (10) (heavily wounded, 56% to hit)
You shoot an arrow. The arrow barely misses Natasha.
Natasha closely misses you. The grasping roots constrict you!
* * * LOW HITPOINT WARNING * * *
The grasping roots release their grip on you.
Fire: a) +0 shortbow
Press: ? - help, Q - select action Shift-Dir - straight line, f/p - Natasha
Aim: Natasha, carrying a wand of roots (10) (heavily wounded, 56% to hit)
You shoot an arrow. The arrow hits Natasha.
Natasha is severely wounded.
Natasha zaps a wand.
The roots erupt in riotous growth!
The grasping roots grab you!
Natasha is unaffected.
The grasping roots constrict you.
* * * LOW HITPOINT WARNING * * *
Natasha claws you.
You die...

####### #.....# .
#.....###.. #.<........
#########......#...
#..........@h......
#........######[...
#........#### .
#####......# ...
#.#.###...## ..# #.#.#
#..# #.### #...##
##.####.#.
#####....####........
######.............#####.#


You could see Natasha.

Vanquished Creatures
  2 adders (D:3)
  3 dart slugs
  A ball python (D:3)
  7 bats
  2 endoplasms
  3 giant cockroaches
  6 hobgoblins
  4 jackals (D:3)
  3 quokkas
  A frilled lizard (D:1)
  2 goblins (D:1)
  A kobold (D:2)
  6 rats
41 creatures vanquished.

Notes
Turn   | Place    | Note
-------+----------+-------------------------------------------
     0 | D:1      | safid the Minotaur Hunter began the quest for the Orb.
     0 | D:1      | Reached XP level 1. HP: 18/18 MP: 0/0
    97 | D:1      | Reached XP level 2. HP: 20/25 MP: 1/1
   481 | D:1      | Found a faded altar of an unknown god.
   702 | D:2      | Reached skill level 5 in Ranged Weapons
   702 | D:2      | Reached XP level 3. HP: 27/31 MP: 2/2
   882 | D:2      | Found Ismuczo's Weapon Boutique.
  1427 | D:3      | Found a hazy altar of Hepliaklqana.
  1428 | D:3      | Found a shimmering altar of Xom.
  1429 | D:3      | Noticed a spectral ugly thing
  1573 | D:3      | Noticed Natasha
  1581 | D:3      | Slain by Natasha

Illustrated notes

Levels and vault maps discovered:
D:1:      minmay_arrival_three_doors, layout_basic,
          chequers_ecumenical_altar_grove
D:2:      layout_basic, serial_shops, nicolae_shop_crystal
D:3:      layout_rooms, regret_index_temple_of_mockery,
          grunt_temple_overflow_magic_moments, uniq_natasha

Skill      XL: |  1  2  3 |
---------------+----------+-----
Fighting       | 3 4 |  4.0
Ranged Weapons | 5 |  5.3
Dodging        | |  2.1
Stealth        | |  0.7

Action                   || total
-------------------------++-------
 Fire: Shortbow          ||    98
Armor: Leather armour    ||     8
Dodge: Dodged            ||    25
